 Dungeon Crawl Stone Soup version 0.26.0-16-gc1dbca0489 (webtiles) character file.

Game seed: 383047332963430316

4780 vvl the Basher (level 10, -6/81 HPs)
             Began as a Pale Draconian Transmuter on Jan 20, 2021.
             Was a Believer of Kikubaaqudgha.
             Mangled by Harold
             ... wielding a +0 scimitar
              (30 damage)
             ... on level 9 of the Dungeon.
             The game lasted 00:29:03 (9799 turns).

vvl the Basher (Pale Draconian Transmuter)          Turns: 9799, Time: 00:29:04

Health: -6/81      AC: 11    Str: 17    XL:     10   Next: 23%
Magic:  15/15      EV: 12    Int: 13    God:    Kikubaaqudgha [**....]
Gold:   555        SH:  0    Dex: 11    Spells: 10/16 levels left

rFire    . . .     SeeInvis .   l - +3 quarterstaff (chaos)
rCold    . . .     Faith    .   (shield currently unavailable)
rNeg     . . .     Spirit   .   (armour unavailable)
rPois    .         Reflect  .   (helmet currently unavailable)
rElec    .         Harm     .   m - +2 cloak
rCorr    .         Rampage  .   s - +0 pair of gloves
Will     .....                  (boots currently unavailable)
Stlth    +.........             (no amulet)
HPRegen  0.23/turn              (no ring)
MPRegen  0.14/turn              (no ring)

@: short of breath, appendages, marked, studying Maces & Flails
A: breathe steam, unfitting armour, horns 2, talons 2, cold-blooded, AC +7
a: Breathe Steam, End Transformation, Renounce Religion, Receive Corpses


You were on level 9 of the Dungeon.
You worshipped Kikubaaqudgha.
Kikubaaqudgha was pleased with you.
You had grown temporary horns.
You had grown temporary talons.
You visited 2 branches of the dungeon, and saw 10 of its levels.

You collected 555 gold pieces.

Inventory:

Hand Weapons
 i - a +2 vorpal falchion
 l - a +3 quarterstaff of chaos (weapon)
 p - a +1 dagger of pain
 E - a +2 war axe of flaming
 G - a +3 morningstar
Missiles
 D - 2 throwing nets
Armour
 m - a +2 cloak (worn)
 s - a +0 pair of gloves (worn)
Wands
 u - a wand of flame (9)
 v - a wand of disintegration (4)
 y - a wand of random effects (40)
 A - a wand of polymorph (19)
 C - a wand of enslavement (9)
 H - a wand of iceblast (10)
Scrolls
 b - 6 scrolls of teleportation {unknown}
 d - 2 scrolls of fear {unknown}
 f - a scroll of remove curse
 g - a scroll of fog {unknown}
 j - a scroll of magic mapping {unknown}
 k - a scroll of immolation {unknown}
 n - 2 scrolls of amnesia {unknown}
 t - 2 scrolls of enchant armour {unknown}
 w - 11 scrolls of identify {unknown}
Potions
 a - a potion of resistance {unknown}
 c - 4 potions of cancellation {unknown}
 e - 2 potions of magic {unknown}
 h - 2 potions of haste
 o - a potion of degeneration {unknown}
 q - 2 potions of mutation {unknown}
 r - 2 potions of ambrosia {unknown}
 z - 2 potions of lignification {unknown}
 B - a potion of heal wounds {unknown}
 F - 2 potions of curing
 I - a potion of brilliance {unknown}
Books
 x - a manual of Maces & Flails


   Skills:
 - Level 5.0 Fighting
 * Level 9.0 Maces & Flails
 - Level 1.7 Dodging
 + Level 6.3 Unarmed Combat
 + Level 3.9 Spellcasting
 * Level 6.3 Necromancy
 + Level 7.5 Transmutations
 + Level 5.3 Evocations


You had 10 spell levels left.
You knew the following spells:

 Your Spells              Type           Power        Failure   Level
a - Beastly Appendage     Tmut           44%          1%          1
b - Sublimation of Blood  Necr           9%           2%          2
c - Vampiric Draining     Necr           9%           4%          3

Your spell library contained the following spells:

 Spells                   Type           Power        Failure   Level
 Animate Skeleton         Necr           38%          1%          1
 Pain                     Necr           76%          1%          1
 Wereblood                Tmut           22%          1%          2
 Spider Form              Tmut/Pois      6%           13%         3
 Blade Hands              Tmut           11%          26%         5
 Ice Form                 Ice/Tmut       12%          41%         4


Dungeon Overview and Level Annotations

Branches:
Dungeon (9/15)             Temple (1/1) D:5            Lair (0/6) D:9
    Orc (0/2) D:9

Altars:
Ashenzari
Cheibriados
Dithmenos
Elyvilon
Fedhas
Gozag
Hepliaklqana
Kikubaaqudgha
Makhleb
Nemelex Xobeh
Okawaru
Ru
Uskayaw
Vehumet
Wu Jian
Xom
Yredelemnul
Zin
The Shining One

Annotations:
D:9 Harold


Innate Abilities, Weirdness & Mutations

You can breathe blasts of scalding, opaque steam.
Your pale cyan-grey scales are hard. (AC +7)
You cannot fit into any form of body armour.
You are cold-blooded and may be slowed by cold attacks.
You have a pair of horns on your head.
You have razor-sharp toenails.


Message History

You hit Harold but do no damage.
Space warps horribly around Harold!
You claw Harold. You headbutt Harold!
Harold is almost dead.
The yak is engulfed in a cloud of scalding steam. x3
You hit Harold but do no damage.
Harold suddenly seems more agile.
You claw Harold, but do no damage.
Your tail-slap misses Harold.
Harold is almost dead.
Harold casts a spell at you. A sentinel's mark forms upon you.
The yak is engulfed in a cloud of scalding steam.
You hit Harold. You freeze Harold. Your kick misses Harold.
Harold is almost dead.
Harold hits you with a +0 scimitar!
* * * LOW HITPOINT WARNING * * *
The yak is engulfed in a cloud of scalding steam. x2
You closely miss Harold. Your kick misses Harold.
Harold is almost dead.
Harold hits you with a +0 scimitar!!
You die...
Kikubaaqudgha rasps: "You have failed me!
Welcome... death!" #.......# #.......# #.......# #.......# #.....>.# ......$# #.......' .=....# #.......# ..... #.......# YYY

+.......# #@# #.......#
##@# #.......# #..#
######'## #.## ##.#
######'## #..# #...#...#
#.## #.#.###.# #####'###
#.#.....# ####.......#
#.#.##### #..'.......'
#.#.#...#####.##.......#


You could see Harold (strong, agile) and 3 yaks.

Vanquished Creatures
  A centaur warrior (D:9)
  A centaur skeleton (D:8)
  A troll (D:5)
  A yak (D:9)
  A vampire (D:9)
  Menkaure (D:7)
  2 orc warriors (D:7)
  Duvessa (D:5)
  2 sky beasts
  A black bear (D:9)
  2 ogres
  3 centaurs
  Blork the orc (D:5)
  5 bullfrogs
  Dowan (D:5)
  2 scorpions
  15 wights
  3 howler monkeys (D:7)
  A bullfrog zombie (D:7)
  3 quasits
  5 hounds
  A jelly (D:6)
  An orc priest (D:7)
  Crazy Yiuf (D:2)
  2 orc wizards
  A bullfrog skeleton (D:7)
  Ijyb (D:4)
  Terence (D:2)
  An iguana (D:7)
  8 worker ants
  4 gnolls (D:5)
  9 adders
  A river rat (D:6)
  4 white imps
  An ufetubus (D:9)
  3 oozes
  2 adder zombies
  2 worms
  2 dart slugs
  6 leopard geckos
  10 orcs
  10 bats
  2 giant cockroaches
  7 goblins
  12 hobgoblins
  4 jackals (D:6)
  7 quokkas
  3 frilled lizards (D:1)
  5 kobolds
  A leopard gecko skeleton (D:9)
  6 rats
171 creatures vanquished.

Vanquished Creatures (collateral kills)
  An orc (D:7)
1 creature vanquished.

Vanquished Creatures (others)
  A worker ant (D:7)
  An orc (D:7)
  2 plants (D:2)
4 creatures vanquished.

Grand Total: 176 creatures vanquished

Notes
Turn   | Place    | Note
-------+----------+-------------------------------------------
     0 | D:1      | vvl the Draconian Transmuter began the quest for the Orb.
     0 | D:1      | Reached XP level 1. HP: 16/16 MP: 3/3
   139 | D:1      | Reached XP level 2. HP: 14/23 MP: 5/5
   562 | D:1      | Reached skill level 1 in Necromancy
   628 | D:1      | Reached XP level 3. HP: 29/29 MP: 4/6
   839 | D:2      | Noticed Terence
   856 | D:2      | Killed Terence
   857 | D:2      | Reached XP level 4. HP: 13/36 MP: 7/7
  1431 | D:2      | Found an iron altar of Okawaru.
  1724 | D:2      | Found a runed translucent door.
  1725 | D:2      | Noticed Crazy Yiuf
  1876 | D:2      | Killed Crazy Yiuf
  2209 | D:3      | Found a blossoming altar of Fedhas.
  2257 | D:3      | Found a sacrificial altar of Ru.
  2321 | D:3      | Reached XP level 5. HP: 42/42 MP: 8/8
  2649 | D:3      | You fall into a shaft and drop 3 floors!
  2670 | D:5      | Entered Level 5 of the Dungeon
  2770 | D:5      | Noticed Duvessa
  2806 | D:5      | Killed Duvessa
  2807 | D:5      | Reached XP level 6. HP: 30/51 MP: 7/9
  2810 | D:5      | Noticed Dowan
  2987 | D:5      | Killed Dowan
  2988 | D:5      | Reached skill level 1 in Evocations
  3037 | D:5      | Found a glowing silver altar of Zin.
  3530 | D:3      | Found a basalt altar of Yredelemnul.
  3609 | D:4      | Your scales start taking on a pale cyan-grey colour.
  3609 | D:4      | Reached XP level 7. HP: 20/57 MP: 8/10
  3786 | D:4      | Reached skill level 5 in Transmutations
  3893 | D:4      | Noticed Ijyb
  3951 | D:4      | Killed Ijyb
  4442 | D:5      | Found a staircase to the Ecumenical Temple.
  4452 | Temple   | Entered the Ecumenical Temple
  4458 | Temple   | Became a worshipper of Kikubaaqudgha
  4782 | D:5      | Noticed Blork the orc
  4793 | D:5      | Killed Blork the orc
  4794 | D:5      | Reached skill level 1 in Maces & Flails
  4856 | D:5      | Noticed a troll
  4885 | D:5      | Killed a troll
  4886 | D:5      | Reached skill level 2 in Maces & Flails
  5283 | D:6      | Reached skill level 3 in Maces & Flails
  5283 | D:6      | Reached XP level 8. HP: 55/66 MP: 9/11
  5836 | D:6      | Found a glowing golden altar of the Shining One.
  5836 | D:6      | Found a hazy altar of Hepliaklqana.
  6270 | D:7      | Reached skill level 4 in Maces & Flails
  6270 | D:7      | Reached skill level 5 in Unarmed Combat
  6285 | D:7      | Reached * piety under Kikubaaqudgha
  6285 | D:7      | Identified Kikubaaqudgha's Catalogue of Stolen Souls
                  | (Kikubaaqudgha gifted it to you on level 7 of the Dungeon)
  6285 | D:7      | Received a gift from Kikubaaqudgha
  6567 | D:7      | Learned a level 2 spell: Sublimation of Blood
  6571 | D:7      | Learned a level 3 spell: Vampiric Draining
  6586 | D:7      | Noticed Menkaure
  6594 | D:7      | Killed Menkaure
  6599 | D:7      | Reached skill level 5 in Maces & Flails
  7079 | D:7      | Reached XP level 9. HP: 51/72 MP: 12/12
  7261 | D:7      | Reached skill level 6 in Maces & Flails
  7732 | D:8      | Reached skill level 5 in Fighting
  7928 | D:8      | Reached skill level 7 in Maces & Flails
  7928 | D:8      | Reached skill level 5 in Necromancy
  8585 | D:9      | Reached ** piety under Kikubaaqudgha
  8596 | D:9      | Reached skill level 8 in Maces & Flails
  8673 | D:9      | Found a staircase to the Orcish Mines.
  9022 | D:9      | Found a staircase to the Lair.
  9022 | D:9      | Noticed a centaur warrior
  9032 | D:9      | Killed a centaur warrior
  9033 | D:9      | Reached skill level 5 in Evocations
  9033 | D:9      | Reached XP level 10. HP: 16/81 MP: 15/15
  9784 | D:9      | Noticed Harold
  9793 | D:9      | Reached skill level 9 in Maces & Flails
  9799 | D:9      | Mangled by Harold

Illustrated notes

Levels and vault maps discovered:
D:1:      heliophobic_arrival_enchanted_forest, layout_basic
D:2:      layout_loops_ring, okawaru_ov_weapons_minmay, serial_forest,
          infiniplex_forest_clump_tiny, infiniplex_forest_clump_curved,
          infiniplex_forest_straight_5, infiniplex_forest_clump_small,
          infiniplex_forest_side_room, infiniplex_forest_lined_room_3,
          infiniplex_forest_lined_corner, infiniplex_forest_pool,
          uniq_crazy_yiuf_cottage, uniq_terence
D:3:      layout_loops_cross, fedhas_altar_4, marbit_many_paths,
          nicolae_ru_sacrificial_ziggurat
D:4:      layout_rooms, minmay_manual_mess, uniq_ijyb
D:5:      layout_loops_corners, zin_treasury,
          minmay_temple_entry_statues_fountains, kennysheep_generic_room_16,
          uniq_blork_the_orc, uniq_duvessa
D:6:      layout_loops_ring, chequers_temple_overflow_statue_of_worship,
          kennysheep_crisscross, minmay_misc_feat_ornament
D:7:      layout_rooms, uniq_menkaure
D:8:      layout_basic
D:9:      layout_roguey, lair_entry_dummy, minmay_fractal_squares_gapless_5,
          uniq_harold
Temple:   nicolae_temple_x_marks_the_god

Skill      XL: |  1  2  3  4  5  6  7  8  9 10 |
---------------+-------------------------------+-----
Necromancy     | 1 2 3 4 6 |  6.3
Fighting       | 2 3 4 5 |  5.0
Transmutations | 3 4 5 6 7 |  7.5
Unarmed Combat | 4 5 6 |  6.3
Evocations     | 1 2 3 5 |  5.3
Maces & Flails | 3 5 8 9 |  9.0
Spellcasting   | 3 |  3.9
Dodging        | |  1.7

Action                   |  1- 3 |  4- 6 |  7- 9 | 10-12 || total
-------------------------+-------+-------+-------+-------++-------
Melee: Unarmed           |    85 |    14 |       |       ||    99
       Tailslap          |     3 |    12 |    38 |     5 ||    58
       Kick              |     9 |    13 |    31 |     7 ||    60
       Headbutt          |     4 |     5 |    27 |     6 ||    42
       Punch             |     1 |       |       |       ||     1
       Falchion          |       |    19 |       |       ||    19
       Quarterstaff      |       |   107 |   321 |    34 ||   462
Throw: Throwing net      |       |       |     1 |       ||     1
 Cast: Beastly Appendage |     9 |    14 |    20 |     6 ||    49
 Abil: Breathe Steam     |       |       |     6 |     1 ||     7
Evoke: Wand              |       |       |    11 |       ||    11
  Use: Scroll            |       |     1 |     1 |       ||     2
       Potion            |       |       |     2 |       ||     2
 Stab: Sleeping          |       |     1 |       |       ||     1
       Paralysed         |       |       |     3 |       ||     3
       Confused          |       |       |     1 |       ||     1
       Petrified         |       |       |     9 |       ||     9
       Petrifying        |       |       |     1 |       ||     1
Armor: Skin              |    30 |    81 |   175 |    16 ||   302
Dodge: Dodged            |    55 |   130 |   298 |    17 ||   500
       Rpst.: Falchion   |       |     4 |       |       ||     4
